 Dungeon Crawl Stone Soup version 0.28.0 (webtiles) character file.

Game seed: 3584060849373554967

53 Hasart the Shield-Bearer (level 3, -3/31 HPs)
             Began as a Demigod Fighter on Feb 12, 2022.
             Slain by a gnoll (8 damage)
             ... on level 1 of the Dungeon.
             The game lasted 00:01:23 (1184 turns).

Hasart the Shield-Bearer (Demigod Fighter)          Turns: 1184, Time: 00:01:23

Health: -3/31      AC:  6    Str: 17    XL:     3   Next: 41%
Magic:  5/5        EV:  9    Int: 10    God:
Gold:   79         SH:  5    Dex: 17    Spells: 2/2 levels left

rFire   . . .      SeeInvis .   a - +0 long sword
rCold   . . .      Faith    .   c - +0 buckler
rNeg    . . .      Spirit   .   b - +0 scale mail
rPois   .          Reflect  .   (no helmet)
rElec   .          Harm     .   (no cloak)
rCorr   .          Rampage  .   (no gloves)
Will    .....                   (no boots)
Stlth   ..........              (no amulet)
HPRegen 0.10/turn               (no ring)
MPRegen 0.09/turn               (no ring)

@: no status effects
A: high MP 1, forlorn, divine attributes
a: no special abilities


You were on level 1 of the Dungeon.
You visited 1 branch of the dungeon, and saw 2 of its levels.

You collected 79 gold pieces.

Inventory:

Hand Weapons
 a - a +0 long sword (weapon)
Armour
 b - a +0 scale mail (worn)
 c - a +0 buckler (worn)
Scrolls
 e - a scroll of teleportation {unknown}
Potions
 d - a potion of might
 f - 2 potions of attraction {unknown}
 g - a potion of lignification {unknown}
 h - 2 potions of degeneration {unknown}
 i - a potion of berserk rage {unknown}


   Skills:
 + Level 3.0 Fighting
 * Level 2.6 Long Blades
 + Level 3.0 Armour
 + Level 0.9 Dodging
 + Level 3.0 Shields


You had 2 spell levels left.
You didn't know any spells.
Your spell library was empty.

Dungeon Overview and Level Annotations

Branches:
Dungeon (2/15)


Innate Abilities, Weirdness & Mutations

You have an increased reservoir of magic. (+10% MP)
You shall have no god before yourself.
Your divine heritage dramatically boosts your attributes as you level up.


Message History

The gnoll closely misses you. The gnoll hits you with a +0 flail.
You climb upwards.
There is a stone staircase leading down, spattered with blood here.
The gnoll hits you with a +0 flail. The gnoll barely misses you.
You barely miss the gnoll. The gnoll hits you with a +0 flail.
You hit the gnoll but do no damage. The gnoll barely misses you.
The gnoll hits you with a +0 flail.
You hit the gnoll.
The gnoll is heavily wounded.
The gnoll hits you but does no damage.
You barely miss the gnoll.
The gnoll is heavily wounded.
You block the gnoll's attack.
You closely miss the gnoll.
The gnoll is heavily wounded.
The gnoll hits you with a +0 flail.
You are too injured to fight recklessly!
You are too injured to fight recklessly!
You are too injured to fight recklessly!
The gnoll closely misses you. You block the gnoll's attack.
You slash the gnoll!
You kill the gnoll!
Your Fighting skill increases to level 3!
Your Armour skill increases to level 3!
You closely miss the gnoll. The gnoll hits you but does no damage.
You hit the gnoll but do no damage. The gnoll hits you with a +0 whip. x2
You hit the gnoll.
The gnoll is moderately wounded.
The gnoll barely misses you.
You barely miss the gnoll.
The gnoll is moderately wounded.
The gnoll hits you with a +0 whip.
* * * LOW HITPOINT WARNING * * *
You closely miss the gnoll.
The gnoll is moderately wounded.
The gnoll hits you with a +0 whip.
* * * LOW HITPOINT WARNING * * *
The gnoll hits you with a +0 whip!
You die...

♣###.##.....#.#....###...#
.#.#.##.....#.#)###.####.# ####
#..#.......##...####.###.#####...
##....#.#####...#...).......#..##
#..##.#.#...#......>..........##.
.#.##.....#...#.#.#.#.##.##...#..
##.##..#.###...g...##.##.##...#..
##.##..#..#...#######.##.##...##)
##.##..........g@.# #..........#†
##.##.......#.###.# #.##..##..)).
##.##.#.###.#.# #.# #.##..#######
##...###.##...###.###.##..#
###.## ##.#...........##..# ...##
##................# ....##
##.#######.###.##.##
####.###......# #.# #.##.#
##.#.#####.# #.# #.##.#


You could see a gnoll.

Vanquished Creatures
  2 gnolls (D:1)
  A dart slug (D:1)
  3 ball pythons (D:1)
  3 bats (D:1)
  An endoplasm (D:1)
  3 giant cockroaches (D:1)
  4 goblins (D:1)
  A hobgoblin (D:1)
  2 jackals (D:1)
  3 kobolds (D:1)
  3 quokkas (D:1)
  A frilled lizard (D:1)
  A rat (D:1)
28 creatures vanquished.

Notes
Turn   | Place    | Note
-------+----------+-------------------------------------------
     0 | D:1      | Hasart the Demigod Fighter began the quest for the Orb.
     0 | D:1      | Reached XP level 1. HP: 18/18 MP: 3/3
   358 | D:1      | Reached XP level 2. HP: 25/25 MP: 4/4
  1056 | D:1      | Reached XP level 3. HP: 19/30 MP: 5/5
  1184 | D:1      | Slain by a gnoll

Illustrated notes

Levels and vault maps discovered:
D:1:      saegor_arrival_simple_b, layout_loops_ring, minmay_strange_pillars,
          minmay_close_crescents
D:2:      layout_basic, ebering_ecumenical_altar_ruins, basic_altar,
          uniq_sigmund

Skill      XL: |  1  2  3 |
---------------+----------+-----
Long Blades    | 2 |  2.6
Shields        | 3 |  3.0
Fighting       | 3 |  3.0
Armour         | 3 |  3.0
Dodging        | |  0.9

Action                   || total
-------------------------++-------
Melee: Long sword        ||    93
Armor: Scale mail        ||    43
Dodge: Dodged            ||    41
Block: Buckler           ||    18
